 Dungeon Crawl Stone Soup version 0.26-a0-1181-gd376ed14c5 (webtiles) character file.

Game seed: 4381433543745117055

58 Mesmaeker13 the Bolt Thrower (level 3, -6/33 HPs)
             Began as a Deep Dwarf Hunter on Dec 25, 2020.
             Killed from afar by a white imp (8 damage)
             ... with a puff of frost
             ... summoned by Natasha
             ... on level 1 of the Dungeon.
             The game lasted 00:02:08 (1090 turns).

Mesmaeker13 the Bolt Thrower (Deep Dwarf Hunter)    Turns: 1090, Time: 00:02:09

Health: -6/33      AC:  7    Str: 16    XL:     3   Next: 75%
Magic:  3/3        EV: 10    Int: 11    God:
Gold:   79         SH:  0    Dex: 13    Spells: 2/2 levels left

rFire    . . .     SeeInvis .   a - +1 hand crossbow
rCold    . . .     Faith    .   (no shield)
rNeg     . . .     Spirit   .   h - +0 scale mail
rPois    .         Reflect  .   f - +0 helmet
rElec    .         Harm     .   (no cloak)
rCorr    .         Rampage  .   (no gloves)
Will     .....                  (no boots)
Stlth    ..........             (no amulet)
HPRegen  0.00/turn              (no ring)
MPRegen  0.08/turn              (no ring)

@: non-regenerating
A: damage resistance, heal wounds, sense surroundings 1, no regeneration
a: Heal Wounds


You were on level 1 of the Dungeon.
You visited 1 branch of the dungeon, and saw 2 of its levels.

You collected 79 gold pieces.

Inventory:

Hand Weapons
 a - a +1 hand crossbow (weapon)
 b - a +0 short sword
 c - a +0 spear
Missiles
 d - 12 bolts (quivered ammo)
 e - 89 stones
Armour
 f - a +0 helmet (worn)
 h - a +0 scale mail (worn)
Scrolls
 g - a scroll of blinking {unknown}
 i - a scroll of noise {unknown}
 j - a scroll of enchant weapon {unknown}
 l - 3 scrolls of remove curse {unknown}
Potions
 k - a potion of resistance {unknown}


   Skills:
 + Level 2.6 Fighting
 + Level 5.0 Crossbows
 + Level 3.1 Dodging
 - Level 1.2 Stealth


You had 2 spell levels left.
You didn't know any spells.
Your spell library was empty.

Dungeon Overview and Level Annotations

Branches:
Dungeon (2/15)

Altars:

Annotations:
D:1 Natasha


Innate Abilities, Weirdness & Mutations

You are resistant to damage.
You can heal yourself by infusing magical energy.
You passively map a small area around you.
You do not regenerate.


Message History

Natasha claws you.
* * * LOW HITPOINT WARNING * * *
Natasha mumbles some strange words.
Fire: 14 bolts
Press: ? - help, Q - select action, (/) - cycle Shift-Dir - straight line, f/p - Natasha
Aim: Natasha (severely wounded)
You shoot a bolt.
The bolt hits Natasha but does no damage.
Natasha is severely wounded.
Natasha stares at you and mumbles some strange words.
The magic dart hits you!
* * * LOW HITPOINT WARNING * * *
Fire: 13 bolts
Press: ? - help, Q - select action, (/) - cycle Shift-Dir - straight line, f/p - Natasha
Aim: Natasha (severely wounded)
You shoot a bolt. The bolt closely misses Natasha.
Natasha closely misses you. The white imp gestures at you.
The puff of frost hits you!
You die...

###'#######'####..# #.##.######
#....#P..#....##..# ####.### #
#....#####....##.## ##P#.#P## #
'.............'..# ##P.###..###
#.............##.# ###....P..P.##
###..#####..####.###.############
#.#..#...#..#.##.##..............
#.#..#...#..#P##..[..###########.
#P#..#...#..#.##@5...#bP..P..P.#.
###..#####..####h..#.##.......###
#.............##(..#####P..P.## #
'..........h..'(...# ######## #
#....#####....###### #'#..# #
#....#...#....# #...## #
###'#######'### #.### # ###.#
#.## ##.## #### ....# #..#
######...## #...


You could see Natasha and a white imp (summoned).

Vanquished Creatures
  Natasha (D:1)
  4 dart slugs (D:1)
  A bat (D:1)
  A giant cockroach (D:1)
  2 goblins (D:1)
  4 hobgoblins (D:1)
  3 jackals (D:1)
  3 kobolds (D:1)
  2 frilled lizards (D:1)
  3 rats (D:1)
24 creatures vanquished.

Notes
Turn   | Place    | Note
-------+----------+-------------------------------------------
     0 | D:1      | Mesmaeker13 the Deep Dwarf Hunter began the quest for the
                  | Orb.
     0 | D:1      | Reached XP level 1. HP: 19/19 MP: 1/1
   225 | D:1      | Reached XP level 2. HP: 19/26 MP: 2/2
   566 | D:1      | Reached XP level 3. HP: 21/33 MP: 3/3
   990 | D:2      | Noticed Natasha
  1002 | D:1      | Killed Natasha
  1009 | D:1      | Reached skill level 5 in Crossbows
  1082 | D:1      | Noticed Natasha
  1090 | D:1      | Killed from afar by a white imp

Illustrated notes

Levels and vault maps discovered:
D:1:      nzn_arrival_water_spiral, layout_loops_corners, serial_aquarium,
          aquarium_bridge_straight [aquarium_subvault_bridge,
          aquarium_subvault_window, aquarium_subvault_bridge,
          aquarium_subvault_balcony], aquarium_bridge_square
          [aquarium_subvault_bridge, aquarium_subvault_bridge,
          aquarium_subvault_wall, aquarium_subvault_balcony],
          aquarium_window_corridor_1, aquarium_window_fake,
          aquarium_window_fake, aquarium_view_2a, aquarium_pool_five,
          minmay_misc_feat_rugged
D:2:      layout_loops_ring, minmay_misc_feat_encased, st_stairs_5, uniq_natasha

Skill      XL: |  1  2  3 |
---------------+----------+-----
Fighting       | 2 |  2.6
Dodging        | 3 |  3.1
Crossbows      | 5 |  5.0
Stealth        | |  1.2

Action                   || total
-------------------------++-------
Melee: Short sword       ||    45
 Fire: Hand crossbow     ||    39
Armor: Leather armour    ||     3
       Scale mail        ||    34
Dodge: Dodged            ||    42

Table legend: (Time is in decaauts)
 A = Elapsed time spent in this place.
 B = Non-inter-level travel time spent in this place.
 C = Inter-level travel time spent in this place.
 D = Time resting spent in this place.
 E = Time spent auto-exploring this place.
 F = Levels seen in this place.
 G = Mean time per level.
                   A        B        C        D        E       F      G
               +--------+--------+--------+--------+--------+-----+--------+
         Total |   1105 |   1062 |     43 |      3 |    826 |   2 |  552.5 |
       Dungeon |   1105 |   1062 |     43 |      3 |    826 |   2 |  552.5 |
               +--------+--------+--------+--------+--------+-----+--------+

Top non-repeatable levels by time:
     D:1: 1101 daAuts
     D:2: 4 daAuts
